 Dungeon Crawl Stone Soup version 0.23.1 (webtiles) character file.

Game seed: 7333773065074355890

284 vishdafish the Shield-Bearer (level 6, -4/53 HPs)
             Began as a Gnoll Fighter on Mar 5, 2019.
             Slain by Natasha (6 damage)
             ... on level 3 of the Dungeon.
             The game lasted 00:02:17 (2118 turns).

vishdafish the Shield-Bearer (Gnoll Fighter)        Turns: 2118, Time: 00:02:19

Health: -4/53      AC:  7    Str: 20    XL:     6   Next: 29%
Magic:  8/8        EV: 14    Int: 11    God:
Gold:   98         SH: 11    Dex: 19    Spells: 8/8 levels left

rFire    + + .     SeeInvis .   a - +0 long sword
rCold    + . .     Gourm    .   c - +0 shield
rNeg     . . .     Faith    .   b - +0 scale mail
rPois    +         Spirit   .   (no helmet)
rElec    +         Reflect  .   (no cloak)
rCorr    +         Harm     .   (no gloves)
MR       .....                  (no boots)
Stlth    ++........             (no amulet)
HPRegen  0.17/turn              i - ring of protection from fire
MPRegen  0.11/turn              (no ring)

@: agile, resistant (expiring)
A: distributed training, fangs 1, strong nose
a: no special abilities


You were on level 3 of the Dungeon.
You were very hungry.

You visited 1 branch of the dungeon, and saw 3 of its levels.

You collected 98 gold pieces.

Inventory:

Hand Weapons
 a - a +0 long sword (weapon)
Armour
 b - a +0 scale mail (worn)
 c - a +0 shield (worn)
Jewellery
 i - a ring of protection from fire (left hand)
Scrolls
 g - 2 scrolls of enchant armour {unknown}
 j - 2 scrolls of enchant weapon {unknown}
 l - 2 scrolls of identify {unknown}
 m - a scroll of fear {unknown}
 o - 2 scrolls of random uselessness {unknown}
 p - a scroll of remove curse {unknown}
Potions
 h - a potion of mutation {unknown}
 k - a potion of resistance
 n - a potion of ambrosia {unknown}
Comestibles
 f - 3 rations


   Skills:
 + Level 6.8 Fighting
 + Level 1.8 Short Blades
 + Level 4.9 Long Blades
 + Level 1.8 Axes
 + Level 1.8 Maces & Flails
 + Level 1.8 Polearms
 + Level 1.8 Staves
 + Level 1.8 Slings
 + Level 1.8 Bows
 + Level 1.8 Crossbows
 + Level 1.8 Throwing
 + Level 6.8 Armour
 + Level 1.8 Dodging
 + Level 1.8 Stealth
 + Level 6.8 Shields
 + Level 1.8 Unarmed Combat
 + Level 1.8 Spellcasting
 + Level 1.4 Conjurations
 + Level 1.4 Hexes
 + Level 1.4 Charms
 + Level 1.4 Summonings
 + Level 1.4 Necromancy
 + Level 1.4 Translocations
 + Level 1.4 Transmutations
 + Level 1.4 Fire Magic
 + Level 1.4 Ice Magic
 + Level 1.4 Air Magic
 + Level 1.4 Earth Magic
 + Level 1.4 Poison Magic
 + Level 2.0 Invocations
 + Level 1.8 Evocations


You had 8 spell levels left.
You didn't know any spells.
Your spell library was empty.

Dungeon Overview and Level Annotations

Branches:
Dungeon (3/15)

Altars:

Annotations:
D:3 Natasha


Innate Abilities, Weirdness & Mutations

Your experience applies equally to all skills.
You have very sharp teeth.
Your uncanny sense of smell can sniff out nearby items.


Message History

Natasha is moderately wounded.
Natasha closely misses you.
It was a potion of agility.
You feel agile all of a sudden.
Natasha stares at you and mumbles some strange words.
You resist with some effort.
You closely miss Natasha. You bite Natasha.
Natasha is heavily wounded.
Natasha wildly gestures.
You feel troubled. Natasha casts a spell at you. You resist with some effort.
You closely miss Natasha.
Natasha is heavily wounded.
You start to feel less resistant.
You block Natasha's attack.
You hit Natasha.
Natasha is severely wounded.
Natasha claws you.
You die...

..(.........'......''...+>.....#
####........#......##...##....(#
##########......#####.).....#
####'### #.)..)..# #.# #.......#
#.# #.......# #.# #.......# #.#
#..<....# # #@# #.......# . #h#
#.......# # ∆ 5K# ######### (..#
∆....# ...... ....... ####....


You could see Natasha, a crimson imp and a kobold.

Vanquished Creatures
  Sigmund (D:3)
  An orc wizard (D:3)
  A howler monkey skeleton (D:3)
  4 adders (D:2)
  3 worms (D:3)
  A dart slug (D:1)
  7 orcs (D:3)
  5 bats
  2 giant cockroaches
  4 goblins
  7 hobgoblins
  3 jackals (D:1)
  5 kobolds
  3 quokkas
  A frilled lizard (D:3)
  A jackal zombie (D:2)
  6 rats
55 creatures vanquished.

Notes
Turn   | Place    | Note
-------+----------+-------------------------------------------
     0 | D:1      | vishdafish the Gnoll Fighter began the quest for the Orb.
     0 | D:1      | Reached XP level 1. HP: 23/23 MP: 1/1
    70 | D:1      | Reached XP level 2. HP: 29/29 MP: 2/2
   744 | D:2      | Reached XP level 3. HP: 35/35 MP: 3/3
   837 | D:2      | Reached skill level 1 in Invocations
   909 | D:2      | Reached skill level 1 in Short Blades
   909 | D:2      | Reached skill level 1 in Axes
   909 | D:2      | Reached skill level 1 in Maces & Flails
   909 | D:2      | Reached skill level 1 in Polearms
   909 | D:2      | Reached skill level 1 in Staves
   909 | D:2      | Reached skill level 1 in Slings
   909 | D:2      | Reached skill level 1 in Bows
   909 | D:2      | Reached skill level 1 in Crossbows
   909 | D:2      | Reached skill level 1 in Throwing
   909 | D:2      | Reached skill level 1 in Dodging
   909 | D:2      | Reached skill level 1 in Stealth
   909 | D:2      | Reached skill level 1 in Unarmed Combat
   909 | D:2      | Reached skill level 1 in Spellcasting
   909 | D:2      | Reached skill level 1 in Evocations
  1007 | D:2      | Reached XP level 4. HP: 41/41 MP: 5/5
  1673 | D:3      | Reached skill level 1 in Conjurations
  1673 | D:3      | Reached skill level 1 in Hexes
  1673 | D:3      | Reached skill level 1 in Charms
  1673 | D:3      | Reached skill level 1 in Summonings
  1673 | D:3      | Reached skill level 1 in Necromancy
  1673 | D:3      | Reached skill level 1 in Translocations
  1673 | D:3      | Reached skill level 1 in Transmutations
  1673 | D:3      | Reached skill level 1 in Fire Magic
  1673 | D:3      | Reached skill level 1 in Ice Magic
  1673 | D:3      | Reached skill level 1 in Air Magic
  1673 | D:3      | Reached skill level 1 in Earth Magic
  1673 | D:3      | Reached skill level 1 in Poison Magic
  1722 | D:3      | Reached XP level 5. HP: 8/47 MP: 6/6
  2081 | D:3      | Noticed Sigmund
  2084 | D:3      | Noticed Natasha
  2111 | D:3      | Killed Sigmund
  2111 | D:3      | Reached XP level 6. HP: 8/53 MP: 8/8
  2113 | D:3      | HP: 1/53 [Natasha (7)]
  2118 | D:3      | Slain by Natasha

Skill      XL: |  1  2  3  4  5 |
---------------+----------------+-----
Invocations    | 1 2 |  2.0
Short Blades   | 1 |  1.8
Axes           | 1 |  1.8
Maces & Flails | 1 |  1.8
Polearms       | 1 |  1.8
Staves         | 1 |  1.8
Slings         | 1 |  1.8
Bows           | 1 |  1.8
Crossbows      | 1 |  1.8
Throwing       | 1 |  1.8
Dodging        | 1 |  1.8
Stealth        | 1 |  1.8
Unarmed Combat | 1 |  1.8
Spellcasting   | 1 |  1.8
Evocations     | 1 |  1.8
Conjurations   | 1 |  1.4
Hexes          | 1 |  1.4
Charms         | 1 |  1.4
Summonings     | 1 |  1.4
Necromancy     | 1 |  1.4
Translocations | 1 |  1.4
Transmutations | 1 |  1.4
Fire Magic     | 1 |  1.4
Ice Magic      | 1 |  1.4
Air Magic      | 1 |  1.4
Earth Magic    | 1 |  1.4
Poison Magic   | 1 |  1.4
Fighting       | |  6.8
Long Blades    | |  4.9
Armour         | |  6.8
Shields        | |  6.8

Action                   |  1- 3 |  4- 6 || total
-------------------------+-------+-------++-------
Melee: Long sword        |    68 |   116 ||   184
       Bite              |     4 |    23 ||    27
  Use: Potion            |       |     4 ||     4
  Eat: Chunk             |       |     3 ||     3
Armor: Scale mail        |    36 |    33 ||    69
Dodge: Dodged            |    20 |    20 ||    40
Block: Shield            |    35 |    47 ||    82
       Rpst.: Long sword |     5 |     6 ||    11
